 Dungeon Crawl Stone Soup version 0.29-a0-6-ga859fcf985 (webtiles) character file.

Game seed: 12827572034017363862

101 Ijustatesigmund the Skirmisher (level 4, -2/29 HPs)
             Began as a Gargoyle Fighter on Jan 27, 2022.
             Slain by Sigmund (8 damage)
             ... on level 3 of the Dungeon.
             The game lasted 00:02:47 (1783 turns).

Ijustatesigmund the Skirmisher (Gargoyle Fighter)   Turns: 1783, Time: 00:02:47

Health: -2/29      AC: 10    Str: 21    XL:     4   Next: 75%
Magic:  4/4        EV:  9    Int:  9    God:
Gold:   30         SH:  4    Dex:  9    Spells: 3/3 levels left

rFire   . . .      SeeInvis .   o - +2 whip (elec)
rCold   . . .      Faith    .   c - +0 buckler
rNeg    + . .      Spirit   .   b - +0 scale mail
rPois   ∞          Reflect  .   (no helmet)
rElec   +          Harm     .   (no cloak)
rCorr   .          Rampage  .   (no gloves)
Will    .....                   (no boots)
Stlth   ..........              (no amulet)
HPRegen 0.09/turn               (no ring)
MPRegen 0.09/turn               (no ring)

@: no status effects
A: sickness immunity, AC +3, negative energy resistance 1, electricity
resistance, torment resistance 1, petrification resistance
a: no special abilities


You were on level 3 of the Dungeon.
You visited 1 branch of the dungeon, and saw 3 of its levels.

You collected 54 gold pieces.
You spent 24 gold pieces at shops.

Inventory:

Hand Weapons
 a - a +1 flail
 o - a +2 whip of electrocution (weapon)
Missiles
 d - a throwing net (quivered)
Armour
 b - a +0 scale mail (worn)
 c - a +0 buckler (worn)
Scrolls
 h - a scroll of fog
 j - a scroll of blinking
 l - a scroll of amnesia
 p - 2 scrolls of immolation {unknown}
Potions
 e - 3 potions of lignification
 f - a potion of curing {unknown}
 g - a potion of ambrosia {unknown}
 i - 2 potions of haste {unknown}
 k - 2 potions of brilliance {unknown}
 m - a potion of attraction {unknown}
 n - a potion of invisibility {unknown}


   Skills:
 + Level 4.3 Fighting
 * Level 4.1 Maces & Flails
 - Level 3.2 Armour
 - Level 3.2 Shields


You had 3 spell levels left.
You didn't know any spells.
Your spell library was empty.

Dungeon Overview and Level Annotations

Branches:
Dungeon (3/15)

Altars:
Elyvilon

Shops:
D:1 =*(

Annotations:
D:3 Sigmund


Innate Abilities, Weirdness & Mutations

You are immune to sickness and miasma.
Your stone body is resilient. (AC +3)
You are immune to poison.
You resist negative energy. (rN+)
You are resistant to electric shocks. (rElec)
You are resistant to unholy torment.
You are immune to petrification.


Message History

No target in view!
No target in view!
No target in view!
No target in view!
You closely miss something.
You hear a zap.
A puff of flame appears from out of thin air!
The puff of flame misses you.
You miss something.
You hear a zap.
A puff of flame appears from out of thin air!
The puff of flame hits you.
You miss something. You block something's attack.
You miss something. You hit something.
You hear a zap.
A puff of flame appears from out of thin air!
The puff of flame hits you but does no damage.
You miss something. Something completely misses you.
You closely miss something.
You hear some strange, mumbled words.
A puff of flame appears from out of thin air!
The puff of flame hits you.
You hit something.
You hear some strange, mumbled words.
You are confused.
Something hits you. Something hits you.
You bump into the rock wall.
You hear a zap.
A puff of flame appears from out of thin air!
The puff of flame hits you. Something hits you but does no damage.
You barely miss something. You closely miss something. Something hits you.
* * * LOW HITPOINT WARNING * * *
You bump into the rock wall.
You feel less confused. Something hits you!
You die...

##.# #.#.>.####
#.# #.#....... #.#
###.#...#### #.#
#..........# #.#
#...........
#.#####..........#
#.........#...####
#######.......#
###@....# #{#####
#.# #.# #.# #.#
#.# #..


There were no monsters in sight!

Vanquished Creatures
  A howler monkey skeleton (D:3)
  2 adders (D:2)
  4 gnolls (D:3)
  A dart slug (D:1)
  2 endoplasms
  3 giant cockroaches
  A goblin (D:1)
  A hobgoblin (D:1)
  4 jackals (D:2)
  2 quokkas
  4 ball pythons (D:1)
  4 bats
  A frilled lizard (D:1)
  3 kobolds
  2 rats (D:1)
35 creatures vanquished.

Notes
Turn   | Place    | Note
-------+----------+-------------------------------------------
     0 | D:1      | Ijustatesigmund the Gargoyle Fighter began the quest for
                  | the Orb.
     0 | D:1      | Reached XP level 1. HP: 14/14 MP: 1/1
    24 | D:1      | Found Caofio's Antique Weapon Emporium.
   248 | D:1      | Found a faded altar of an unknown god.
   275 | D:1      | Reached XP level 2. HP: 19/19 MP: 2/2
   385 | D:1      | Found Xaengiam's General Store.
   393 | D:1      | Bought a scroll of fog for 24 gold pieces
   413 | D:1      | Found Nig Mae's Jewellery Boutique.
   830 | D:2      | Reached XP level 3. HP: 24/24 MP: 3/3
  1532 | D:3      | Found a white marble altar of Elyvilon.
  1552 | D:3      | Reached XP level 4. HP: 22/29 MP: 4/4
  1755 | D:3      | Noticed Sigmund
  1783 | D:3      | Slain by Sigmund

Illustrated notes

Levels and vault maps discovered:
D:1:      ncdulo_lavacross, layout_rooms, ebering_ecumenical_altar_webs,
          serial_shops, nicolae_square_shop, nicolae_shop_advertising_works
          [nicolae_subvault_shop_adworks], shop, hangedman_decor_opposing
D:2:      layout_basic
D:3:      layout_loops_ring, mainiacjoe_overflow_alcove_1, st_stairs_11,
          minivault_26, uniq_sigmund

Skill      XL: |  1  2  3  4 |
---------------+-------------+-----
Maces & Flails | 3 4 |  4.1
Fighting       | 4 |  4.3
Armour         | |  3.2
Shields        | |  3.2

Action                   |  1- 3 |  4- 6 || total
-------------------------+-------+-------++-------
Melee: Flail             |   111 |     9 ||   120
       Whip              |       |    21 ||    21
  Use: Scroll            |     4 |       ||     4
       Potion            |       |     1 ||     1
Armor: Scale mail        |    70 |    16 ||    86
Dodge: Dodged            |    71 |     9 ||    80
Block: Buckler           |    36 |     2 ||    38

Table legend: (Time is in decaauts)
 A = Elapsed time spent in this place.
 B = Non-inter-level travel time spent in this place.
 C = Inter-level travel time spent in this place.
 D = Time resting spent in this place.
 E = Time spent auto-exploring this place.
 F = Levels seen in this place.
 G = Mean time per level.
                   A        B        C        D        E       F      G
               +--------+--------+--------+--------+--------+-----+--------+
         Total |   1817 |   1757 |     60 |    240 |   1161 |   3 |  605.7 |
       Dungeon |   1817 |   1757 |     60 |    240 |   1161 |   3 |  605.7 |
               +--------+--------+--------+--------+--------+-----+--------+

Top non-repeatable levels by time:
     D:2: 788 daAuts
     D:1: 740 daAuts
     D:3: 287 daAuts
